 Dungeon Crawl Stone Soup version 0.27.1-33-g824d729ab1 (webtiles) character file.

Game seed: 907077714259628546

46 SensoryNuts the Poker (level 3, -4/27 HPs)
             Began as a Demonspawn Gladiator on Dec 6, 2021.
             Was a Plaything of Xom.
             Slain by a scorpion (7 damage)
             ... on level 4 of the Dungeon.
             The game lasted 00:04:26 (2486 turns).

SensoryNuts the Poker (Demonspawn Gladiator)        Turns: 2486, Time: 00:04:28

Health: -4/27      AC:  3    Str: 15    XL:     3   Next: 46%
Magic:  3/3        EV: 12    Int:  9    God:    Xom [.*....]
Gold:   96         SH:  0    Dex: 14    Spells: 2/2 levels left

rFire    . . .     SeeInvis .   a - +0 trident
rCold    . . .     Faith    .   (no shield)
rNeg     . . .     Spirit   .   b - +0 leather armour
rPois    .         Reflect  .   (helmet restricted)
rElec    .         Harm     .   (no cloak)
rCorr    .         Rampage  .   (no gloves)
Will     .....                  (no boots)
Stlth    +.........             (no amulet)
HPRegen  0.09/turn              (no ring)
MPRegen  0.08/turn              (no ring)

@: lethally poisoned (-4 -> -15)
A: antennae 2
a: Renounce Religion


You were on level 4 of the Dungeon.
You worshipped Xom.
You were a plaything of Xom.
You visited 1 branch of the dungeon, and saw 3 of its levels.

You collected 96 gold pieces.

Inventory:

Hand Weapons
 a - a +0 trident (weapon)
 j - a +0 short sword
 k - a +0 dagger
 m - a +0 dagger
 o - a +0 dagger
 q - a +0 club
 r - a +0 whip
 t - a +0 dagger
Missiles
 d - 3 throwing nets (quivered)
 l - 11 poisoned darts
Armour
 b - a +0 leather armour (worn)
 c - a +0 helmet
 f - a +0 robe
 p - a +0 leather armour
Scrolls
 g - 4 scrolls of identify {unknown}
 h - a scroll of teleportation {unknown}
 i - a scroll of immolation {unknown}
 s - a scroll of fear {unknown}
Potions
 e - 2 potions of invisibility {unknown}
 n - 2 potions of heal wounds {unknown}


   Skills:
 + Level 2.1 Fighting
 + Level 3.3 Polearms
 + Level 1.9 Throwing
 + Level 0.9 Armour
 + Level 3.1 Dodging


You had 2 spell levels left.
You didn't know any spells.
Your spell library was empty.

Dungeon Overview and Level Annotations

Branches:
Dungeon (2/15)             Temple (0/1) D:4

Altars:
Xom

Shops:
D:1 *


Innate Abilities, Weirdness & Mutations

You have a pair of antennae on your head.


Message History

You see here 12 gold pieces.
You closely miss the scorpion. The scorpion stings you.
The endoplasm barely misses you. The scorpion closely misses you.
You hit the scorpion.
The scorpion is moderately wounded.
The endoplasm hits you but does no damage.
The scorpion closely misses you.
You barely miss the scorpion.
The scorpion is moderately wounded.
The scorpion closely misses you.
The endoplasm hits you but does no damage.
You puncture the scorpion!
The scorpion is severely wounded.
The scorpion stings you. The endoplasm freezes you.
You are frozen.
The scorpion barely misses you.
You barely miss the scorpion.
The scorpion is severely wounded.
The endoplasm hits you but does no damage.
The scorpion stings you!
You hit the scorpion but do no damage.
The scorpion is severely wounded.
The endoplasm hits you. The scorpion barely misses you.
You closely miss the scorpion.
The scorpion is severely wounded.
The endoplasm barely misses you. The scorpion stings you.
* * * LOW HITPOINT WARNING * * *
You are lethally poisoned!
The scorpion poisons you!
The scorpion stings you but does no damage.
The endoplasm freezes you.
You are frozen.
* * * LOW HITPOINT WARNING * * *
You barely miss the scorpion.
The scorpion is severely wounded.
* * * LOW HITPOINT WARNING * * *
You feel very sick. The scorpion stings you!
You die...
Xom bursts into laughter!

######.##
.############@J......
.............s##...#.
############.#..# #..
#.#....# #..#....#
{....$.>$..
...##....# ##.#.
#.... #... .#..


You could see a scorpion and an endoplasm.

Vanquished Creatures
  An adder (D:2)
  2 dart slugs
  An endoplasm (D:1)
  2 giant cockroaches
  3 goblins
  A hobgoblin (D:2)
  4 jackals (D:1)
  4 kobolds
  A quokka (D:2)
  6 ball pythons
  5 bats
  A frilled lizard (D:1)
  2 rats (D:2)
33 creatures vanquished.

Notes
Turn   | Place    | Note
-------+----------+-------------------------------------------
     0 | D:1      | SensoryNuts the Demonspawn Gladiator began the quest for
                  | the Orb.
     0 | D:1      | Reached XP level 1. HP: 16/16 MP: 1/1
   322 | D:1      | Found Xowkush's Assorted Antiques.
   344 | D:1      | Gained mutation: You have a pair of small antennae on your
                  | head. [demonic ancestry]
   344 | D:1      | Reached XP level 2. HP: 22/22 MP: 2/2
   702 | D:1      | Found a faded altar of an unknown god.
   729 | D:1      | Became a worshipper of Xom of Chaos
   743 | D:1      | XOM: silly message
   971 | D:1      | XOM: blink monster(s)
   977 | D:1      | XOM: silly message
  1553 | D:2      | XOM: smoke on damage
  1890 | D:2      | Gained mutation: You have a pair of antennae on your head.
                  | [demonic ancestry]
  1890 | D:2      | Reached XP level 3. HP: 27/27 MP: 3/3
  2471 | D:2      | You fall into a shaft and drop 2 floors!
  2475 | D:4      | Noticed a scorpion
  2476 | D:4      | Found a staircase to the Ecumenical Temple.
  2486 | D:4      | Slain by a scorpion

Illustrated notes

Levels and vault maps discovered:
D:1:      noname_arrival_rooms_in_the_neighbourhood, layout_loops_ring,
          serial_shops, shop, dreamdust_ecumenical_altar_statues,
          chequers_serial_rivers_small_3
D:2:      layout_loops_ring
D:4:      layout_loops_ring, minitemple, minmay_temple_entry_mini_moons,
          uniq_natasha

Skill      XL: |  1  2 |
---------------+-------+-----
Polearms       | 3 |  3.3
Dodging        | 3 |  3.1
Fighting       | |  2.1
Throwing       | |  1.9
Armour         | |  0.9

Action                   || total
-------------------------++-------
Melee: Trident           ||   119
Armor: Leather armour    ||    54
Dodge: Dodged            ||   122
